 Dungeon Crawl Stone Soup version 0.17-a0-1504-gb7d9117 (webtiles) character file.

257 urechis the Cudgeler (level 6, -2/63 HPs)
             Began as an Ogre Gladiator on July 8, 2015.
             Was an Initiate of Ru.
             Slain by a worker ant (7 damage)
             ... on level 4 of the Dungeon.
             The game lasted 00:08:06 (3903 turns).

urechis the Cudgeler (Ogre Gladiator)               Turns: 3903, Time: 00:08:06

Health: -2/63      AC:  6    Str: 23    XL:     6   Next: 16%
Magic:  6/6        EV: 10    Int:  7    God:    Ru [......]
Gold:   122        SH:  0    Dex: 10    Spells: 0 memorised, 5 levels left

rFire  . . .     SeeInvis .     a - +0 flail
rCold  . . .     Clarity  .     b - +0 robe
rNeg   . . .     SustAt   .     (no shield)
rPois  .         Gourm    .     c - +0 hat
rElec  .         Spirit   .     t - +2 cloak
rCorr  .         Warding  .     (gloves unavailable)
rMut   .         Stasis   +     (boots unavailable)
MR     .....                    p - amulet of stasis
Stlth  ..........               (no ring)
                                s - ring of loudness (curse)

@: lethally poisoned (-2 -> -8), not resistant to hostile enchantments,
extremely unstealthy
A: unfitting armour, tough skin 1, disrupted magic 1
a: Renounce Religion


You were on level 4 of the Dungeon.
You worshipped Ru.
Ru was noncommittal.
You were not hungry.

You visited 1 branch of the dungeon, and saw 4 of its levels.

You collected 122 gold pieces.

Inventory:

Hand weapons
 a - a +0 flail (weapon)
Missiles
 e - 3 throwing nets (quivered)
Armour
 b - a +0 robe (worn)
 c - a +0 hat (worn)
 t - a +2 cloak (worn)
Jewellery
 p - an amulet of stasis (around neck)
 s - a cursed ring of loudness (left hand)
Scrolls
 h - a scroll of magic mapping {unknown}
 i - 5 scrolls of identify {unknown}
 j - a scroll of immolation {unknown}
 k - a scroll of blinking {unknown}
 l - 3 scrolls of remove curse {unknown}
 m - a scroll of noise {unknown}
 q - a scroll of fear {unknown}
Potions
 f - 3 potions of lignification {unknown}
 g - a potion of heal wounds {unknown}
 o - a potion of curing {unknown}
 r - 3 potions of resistance {unknown}
Comestibles
 d - 5 bread rations
 n - a meat ration


   Skills:
 + Level 4.7 Fighting
 + Level 7.9 Maces & Flails
 - Level 2.1 Throwing
 - Level 2.6 Dodging


You had 5 spell levels left.
You didn't know any spells.

Dungeon Overview and Level Annotations

Branches:
Dungeon (4/15)             Temple (0/1) D:4

Altars:
Makhleb
Ru
Xom

Annotations:
D:4 PeterLawrence's ghost, average GrFi


Innate Abilities, Weirdness & Mutations

You are too large for most types of armour.
You have tough skin (AC +1).
Your casting is slightly disrupted.


Message History

The worker ant barely misses you.
You hit the worker ant but do no damage.
The worker ant is severely wounded.
You feel sick. The worker ant bites you!
* * * LOW HITPOINT WARNING * * *
You barely miss the worker ant.
The worker ant is severely wounded.
You feel sick. The worker ant bites you.
* * * LOW HITPOINT WARNING * * *
You hit the worker ant but do no damage.
The worker ant is severely wounded.
You feel sick. The worker ant barely misses you.
You hit the worker ant.
The worker ant is almost dead.
You feel sick. The worker ant bites you.
* * * LOW HITPOINT WARNING * * *
You closely miss the worker ant.
The worker ant is almost dead.
The worker ant bites you!
You die...

... . ... . #.#
.# #+# ##.###.#
#.. #......+
#.. +......#
#.. #......# .
+...#.@a...# #.
#..##.###.##
#..##..##.##
...........+
...........# .
#+##+###..####
'####.##.###..#
..........#..^+
..........#...#


You could see a worker ant.

Vanquished Creatures
  A hound (D:3)
  An orc wizard (D:3)
  Natasha (D:2)
  A hound skeleton (D:4)
  5 adders
  6 oozes
  5 worms
  A giant gecko (D:2)
  4 orcs
  7 bats
  6 giant cockroaches
  9 goblins
  8 hobgoblins
  6 jackals
  3 quokkas
  2 ball pythons
  3 giant newts
  4 kobolds
  9 rats
82 creatures vanquished.

Notes
Turn   | Place    | Note
--------------------------------------------------------------
     0 | D:1      | urechis the Ogre Gladiator began the quest for the Orb.
     0 | D:1      | Reached XP level 1. HP: 22/22 MP: 1/1
   373 | D:1      | Reached XP level 2. HP: 23/29 MP: 2/2
   557 | D:1      | Reached skill level 5 in Maces & Flails
   635 | D:1      | Reached XP level 3. HP: 16/36 MP: 3/3
  1344 | D:2      | Reached skill level 6 in Maces & Flails
  1552 | D:2      | Reached XP level 4. HP: 31/44 MP: 4/4
  1651 | D:2      | Found a sacrificial altar of Ru.
  1667 | D:2      | Became a worshipper of Ru the Awakened
  1828 | D:2      | Found a burning altar of Makhleb.
  1829 | D:2      | Found a shimmering altar of Xom.
  1909 | D:2      | Noticed Natasha
  1920 | D:2      | Killed Natasha
  1920 | D:2      | Reached skill level 7 in Maces & Flails
  1967 | D:2      | Reached XP level 5. HP: 17/52 MP: 5/5
  3107 | D:3      | Gained mutation: Your casting is slightly disrupted. [Ru sacrifice]
  3495 | D:3      | Reached XP level 6. HP: 61/63 MP: 6/6
  3756 | D:4      | Noticed PeterLawrence's ghost (average GrFi)
  3809 | D:4      | Found a staircase to the Ecumenical Temple.
  3903 | D:4      | Slain by a worker ant

Vault maps used:
D:1:      grunt_arrival_lava_bath, nrook_uturn, minmay_close_crescents
D:2:      nicolae_overflow_hidden_temple, nicolae_ru_awakened_eye, uniq_natasha
D:3:      kennysheep_generic_room_2
D:4:      minmay_temple_entry_glass, kennysheep_generic_room_13

Action                   |  1- 3 |  4- 6 || total
-------------------------+-------+-------++-------
Melee: Flail             |   103 |   178 ||   281
Invok: Sacrifice Essence |       |     1 ||     1
 Stab: Distracted        |     1 |       ||     1
  Eat: Chunk             |     1 |     9 ||    10
